AoeStats
← 2-ray

Black Forest

507565038Analyzed
4v4 RM · 13d ago on Sep 18, 2026· 39m 56s· 8 players
Game mode
Random Map
Map size
Large (8 player)
Population
200
Speed
Normal
Resources
Standard
Victory
Conquest
Starting age
Dark Age
Ending age
Imperial Age
RankedLock teamsTeams togetherTeam positionsShared explorationLock speedFull tech treeHidden civsTurbo modeCheats
Victory
Defeat
🇵🇱 Teutons · Poland
1578
+13
🇫🇷 Slavs · France
1542
+14
🇹🇷 Britons · Türkiye
1474
+17
🇹🇷 Bohemians · Türkiye
1241
+26
🇩🇪 Bohemians · Germany
1536
-19
🇬🇷 Byzantines · Greece
1535
-18
🇩🇪 Ethiopians · Germany
1483
-17
🇪🇸 Turks · Spain
1443
-16
pepe_del_pardo
1:40 Loom
2:11 Loom
15:20 Feudal Age
19:35 Castle Age
18:11 Horse Collar
18:27 Double-Bit Axe
18:34 Gold Mining
24:11 Imperial Age
22:23 Padded Archer Armor
Blade_PEC
3:11 Loom
9:44 Feudal Age
12:18 Man-at-Arms
17:13 Double-Bit Axe
18:23 Fishing Lines
24:33 Castle Age
25:26 Bow Saw
26:56 Wheelbarrow
26:35 Fervor
28:59 Town Watch
32:41 Imperial Age
32:10 Chemistry
32:31 Padded Archer Armor
33:07 Fortified Wall
36:51 Hand Cart
37:11 Siege Engineers
37:58 Wagenburg Tactics
38:13 Conscription
SteileMouKaiTo200
12:51 Feudal Age
17:15 Castle Age
16:11 Double-Bit Axe
18:32 Bow Saw
18:45 Scale Barding Armor
19:12 Fishing Lines
20:00 Husbandry
22:17 Gillnets
23:05 Horse Collar
24:08 Wheelbarrow
25:57 Chain Barding Armor
27:17 Fervor
27:06 Gold Mining
27:07 Stone Mining
27:29 Loom
28:09 Hand Cart
28:57 Sanctity
28:52 Forging
30:10 Gold Shaft Mining
30:11 Stone Shaft Mining
30:10 Redemption
30:04 Fletching
30:51 Iron Casting
33:31 Imperial Age
33:04 Fortified Wall
32:35 Treadmill Crane
32:52 Murder Holes
34:18 Bodkin Arrow
36:14 Conscription
36:05 Logistica
35:16 Elite Cataphract
36:32 Hoardings
36:34 Plate Barding Armor
36:00 Bracer
36:21 Block Printing
36:31 Illumination
36:42 Theocracy
36:20 Caravan
37:23 Guilds
37:30 Greek Fire
38:33 Chemistry
37:58 Ballistics
37:51 Heavy Camel Rider
2-ray
12:36 Feudal Age
16:12 Castle Age
14:04 Double-Bit Axe
15:55 Gold Mining
16:08 Fishing Lines
17:07 Bow Saw
17:08 Gillnets
21:05 Wheelbarrow
20:49 Padded Archer Armor
22:25 Crossbowman
22:57 Fletching
22:54 Loom
23:37 Ballistics
23:45 Bodkin Arrow
24:03 Elite Skirmisher
25:17 Leather Archer Armor
38:31 Hand Cart
smlshngs
7:48 Loom
12:26 Feudal Age
16:21 Castle Age
14:43 Horse Collar
15:01 Double-Bit Axe
20:31 Heavy Plow
22:07 Bow Saw
25:58 Wheelbarrow
30:52 Imperial Age
28:38 Scale Mail Armor
28:48 Forging
28:19 Pikeman
29:00 Squires
29:02 Arson
29:35 Chain Mail Armor
30:07 Hand Cart
29:38 Town Watch
31:04 Chemistry
31:53 Wagenburg Tactics
31:13 Houfnice
31:26 Halberdier
33:16 Plate Mail Armor
33:21 Iron Casting
34:22 Two-Man Saw
36:49 Siege Engineers
38:12 Blast Furnace
38:05 Conscription
ForeveR
3:20 Loom
12:06 Feudal Age
13:41 Wheelbarrow
18:43 Castle Age
17:09 Double-Bit Axe
17:13 Horse Collar
20:52 Heavy Plow
24:18 Pikeman
25:43 Scale Mail Armor
26:26 Gold Mining
26:38 Stone Mining
27:14 Town Watch
32:05 Imperial Age
30:14 Chain Mail Armor
30:09 Forging
31:08 Forging
31:19 Squires
31:04 Arson
32:43 Hand Cart
32:11 Capped Ram
33:16 Bow Saw
35:12 Plate Mail Armor
35:17 Iron Casting
34:04 Halberdier
36:32 Scale Barding Armor
37:18 Coinage
36:49 Caravan
37:57 Two-Man Saw
37:27 Crop Rotation
38:18 Blast Furnace
36:39 Cavalier
37:31 Bloodlines
38:15 Chain Barding Armor
38:29 Conscription
37:59 Paladin
38:41 Onager
40:37 Blast Furnace
40:14 Plate Barding Armor
40:39 Blast Furnace
TATAKAE
12:25 Feudal Age
17:22 Castle Age
15:11 Double-Bit Axe
15:54 Fletching
16:07 Gold Mining
17:15 Fishing Lines
18:06 Bodkin Arrow
18:57 Bow Saw
22:19 Horse Collar
24:34 Wheelbarrow
25:17 Heavy Plow
27:30 Gold Mining
29:24 Hand Cart
29:02 Stone Mining
31:58 Imperial Age
31:00 Scale Barding Armor
31:06 Gillnets
32:41 Chain Barding Armor
32:32 Forging
32:44 Caravan
33:05 Bloodlines
32:56 Husbandry
33:22 Conscription
32:46 Cavalier
34:02 Plate Barding Armor
34:02 Iron Casting
dehinker
0:32 Loom
15:01 Feudal Age
18:58 Castle Age
17:18 Double-Bit Axe
17:25 Fletching
18:09 Fishing Lines
19:36 Bodkin Arrow
19:02 Crossbowman
21:24 Padded Archer Armor
22:03 Ballistics
33:27 Horse Collar
36:54 Bow Saw
40:06 Imperial Age
38:21 Bow Saw
39:21 Yeomen
Connection lost

Rejoining the realm…

Still unreachable

The connection could not be restored.

Session expired

The server has moved on; the page needs a fresh start.